Map: Dusk Towers

Players

Rinka - Winner!

  • Race: Protoss Protoss
  • League: Grandmaster

Miszu

  • Race: Terran Terran
  • League: Master

VOD

Have the link to the VOD?

Description

Time

  • Played on: March 21, 2016, 4:30 p.m.
  • Length: 7:16
Show
View Real Time Build Order
Export as new Build Order

Rinka Protoss - Winner!

Build Orders: 1 Gate Expand 

Get SALT Encoding   

  12  0:01  Probe (Chrono Boost)  
  13  0:11  Probe (Chrono Boost)  
  14  0:20  Pylon  
  14  0:22  Probe (Chrono Boost)  
  15  0:38  Gateway, Probe (Chrono Boost)  
  16  0:49  Assimilator, Probe (Chrono Boost)  
  17  0:59  Probe (Chrono Boost)  
  18  1:10  Probe (Chrono Boost)  
  19  1:24  Nexus  
  19  1:34  Cybernetics Core  
  19  1:36  Probe (Chrono Boost)  
  20  1:43  Assimilator  
  21  1:47  Probe (Chrono Boost)  
  21  1:54  Pylon  
  21  1:57  Probe (Chrono Boost)  
  22  2:08  Probe (Chrono Boost)  
  23  2:12  Warp Gate  
  23  2:19  Mothership Core (Chrono Boost)  
  27  2:34  Forge  
  27  2:37  Adept, Probe (Chrono Boost)  
  27  2:38  Probe (Chrono Boost)  
  29  2:48  Probe (Chrono Boost)  
  30  2:52  Robotics Facility  
  30  2:55  Probe (Chrono Boost)  
  30  2:58  Protoss Ground Weapons Level 1 (Chrono Boost), Probe (Chrono Boost)  
  32  3:09  Probe  
  32  3:10  Probe  
  34  3:16  Pylon  
  34  3:21  Probe x2  
  36  3:32  Probe  
  36  3:33  Probe  
  38  3:38  Warp Prism (Chrono Boost)  
  40  3:44  Probe  
  40  3:46  Probe  
  40  3:47  Gateway  
  42  3:52  Gateway  
  42  3:56  Probe  
  42  3:58  Probe  
  42  4:01  Gateway  
  44  4:08  Probe  
  45  4:10  Observer (Chrono Boost), Probe  
  45  4:12  Pylon  
  45  4:16  Pylon  
  47  4:20  Probe  
  47  4:23  Probe  
  49  4:31  Nexus  
  49  4:34  Pylon  
  49  4:39  Probe x2  
  51  4:49  Assimilator x2  
  51  4:51  Probe (Chrono Boost)  
  53  4:55  Adept  
  53  4:56  Adept x2  
  53  4:58  Adept  
  61  5:01  Probe (Chrono Boost)  
  61  5:04  Probe (Chrono Boost)  
  63  5:14  Probe (Chrono Boost)  
  63  5:15  Probe (Chrono Boost)  
  64  5:22  Adept x4  
  70  5:29  Probe (Chrono Boost)  
  70  5:31  Probe (Chrono Boost)  
  64  5:40  Probe (Chrono Boost)  
  66  5:42  Probe (Chrono Boost)  
  66  5:48  Twilight Council, Warp Prism (Chrono Boost)  
  66  5:49  Probe (Chrono Boost)  
  58  5:50  Probe  
  58  5:53  Probe  
  58  5:54  Sentry x3  
  69  5:59  Pylon, Probe  
  69  6:01  Probe  
  69  6:02  Stalker  
  73  6:05  Probe  
  74  6:11  Probe  
  74  6:12  Probe  
  74  6:17  Probe  
  77  6:20  Pylon  
  77  6:22  Probe  
  77  6:23  Probe  
  77  6:25  Adept x4  
  83  6:31  Probe  
  88  6:33  Probe  
  88  6:35  Immortal, Pylon, Assimilator  
  88  6:37  Assimilator  
  93  6:45  Adept x2  
  93  6:46  Adept x2  
  101  6:59  Forge  
  101  7:04  Pylon  
  101  7:07  Adept x2, Pylon  
  101  7:08  Adept x2  
Show
View Real Time Build Order
Export as new Build Order

Miszu Terran 

Build Orders: Command Center First (CC) 

Get SALT Encoding   

  12  0:00  SCV  
  13  0:12  SCV  
  14  0:20  Supply Depot  
  14  0:24  SCV  
  15  0:41  SCV  
  16  0:53  SCV  
  17  1:01  Command Center  
  17  1:05  SCV  
  18  1:18  SCV  
  19  1:20  Barracks  
  19  1:30  SCV  
  19  1:32  Barracks  
  20  1:42  SCV  
  20  1:46  Barracks  
  22  1:54  SCV  
  22  2:06  Orbital Command  
  22  2:07  Marine  
  23  2:14  Orbital Command  
  23  2:19  Marine  
  24  2:25  Marine  
  25  2:32  SCV  
  25  2:34  Marine, Refinery  
  25  2:35  Refinery  
  27  2:37  Marine  
  27  2:40  SCV  
  29  2:44  SCV  
  29  2:48  Supply Depot  
  30  2:52  SCV  
  30  2:56  SCV  
  32  2:58  Marine  
  32  2:59  Marine  
  32  3:04  SCV  
  32  3:05  Barracks Tech Lab  
  35  3:08  SCV  
  35  3:11  Supply Depot  
  36  3:16  Marine x2, SCV  
  39  3:20  SCV  
  39  3:23  Marine  
  39  3:26  Stimpack  
  41  3:28  SCV  
  41  3:32  SCV  
  43  3:34  Marine x2  
  43  3:39  Refinery  
  43  3:40  Marine  
  43  3:41  SCV  
  47  3:45  SCV  
  48  3:48  Factory  
  48  3:50  Engineering Bay  
  48  3:53  SCV  
  51  3:57  SCV  
  52  4:05  SCV  
  52  4:09  SCV  
  53  4:10  Barracks Reactor, Barracks Tech Lab  
  53  4:12  Supply Depot  
  52  4:17  Terran Infantry Weapons Level 1, SCV  
  52  4:20  Marine  
  54  4:25  Command Center  
  54  4:32  Refinery  
  54  4:33  Supply Depot, SCV x2  
  54  4:37  Factory Reactor  
  54  4:38  Starport  
  56  4:39  Marauder x2  
  62  4:45  SCV x2  
  62  4:55  Marine  
  62  4:56  Supply Depot x2, Marine  
  62  4:57  SCV x2  
  66  5:01  Marauder  
  68  5:08  Marauder  
  70  5:17  SCV x2  
  70  5:18  Supply Depot  
  70  5:19  Supply Depot  
  62  5:29  SCV x2  
  62  5:31  Marauder  
  62  5:33  Marauder  
  61  5:37  Medivac x2  
  61  5:39  Orbital Command  
  61  5:41  SCV x2  
  61  5:53  SCV x2  
  63  5:59  Marauder, Orbital Command  
  65  6:06  Marine, SCV x2  
  65  6:07  Marauder  
  65  6:08  Concussive Shells  
  70  6:17  Medivac x2  
  70  6:18  SCV x2  
  76  6:20  Marine  
  76  6:21  Marine  
  76  6:24  Marine  
  76  6:25  SCV  
  80  6:30  SCV x2  
  80  6:31  Supply Depot  
  82  6:37  SCV  
  83  6:40  Marauder  
  83  6:41  Barracks  
  83  6:42  Barracks, SCV  
  83  6:43  Marauder  
  83  6:44  Marine x2  
  83  6:46  SCV  
  91  6:49  SCV  
  91  6:50  Supply Depot  
  92  6:54  SCV  
  92  6:58  SCV  
  94  7:01  SCV  
Tags
 
Add a new tag
Caveats
  • Supply blocks, unpowered buildings, or Contaminate may cause inaccurate times.
  • Supply counts are checked every 10 seconds.